 Dungeon Crawl Stone Soup version 0.29-a0-648-g6b26cc9f40 (webtiles) character file.

Game seed: 6035949580001546128

1796 blackman the Reanimator (level 9, 0/57 HPs)
             Began as a Human Necromancer on June 20, 2022.
             Slain by an unseen horror (4 damage)
             ... on level 7 of the Dungeon.
             The game lasted 00:42:03 (8872 turns).

blackman the Reanimator (Human Necromancer)         Turns: 8872, Time: 00:42:03

Health: 0/57       AC:  3    Str:  9    XL:     9   Next: 30%
Magic:  16/16      EV: 27    Int: 19    God:
Gold:   336        SH:  0    Dex: 20    Spells: 9/17 levels left

rFire   + . .      SeeInvis .   b - +10 trident of Guilt {vamp, rPois rF+ Stlth-}
rCold   . . .      Faith    .   (no shield)
rNeg    . . .      Spirit   .   p - +0 leather armour
rPois   +          Reflect  .   (no helmet)
rElec   .          Harm     .   (no cloak)
rCorr   .          Rampage  .   (no gloves)
Will    .....                   (no boots)
Stlth   +.........              z - amulet of the acrobat
HPRegen 0.19/turn               q - +6 ring of dexterity
MPRegen 0.15/turn               (no ring)

@: about to teleport, acrobatic
A: no striking features
a: no special abilities


You were on level 7 of the Dungeon.
You visited 2 branches of the dungeon, and saw 8 of its levels.

You collected 336 gold pieces.

Inventory:

Hand Weapons
 a - a +0 hunting sling
 b - the +10 trident of Guilt (weapon) {vamp, rPois rF+ Stlth-}
   (You took it off a gnoll on level 7 of the Dungeon)

   It occasionally heals its wielder for a portion of the damage dealt when it
   wounds a living foe.
   rF:        It protects you from fire.
   rPois:     It protects you from poison.
   Stlth:     It makes you less stealthy.
 C - a +1 dagger of protection
 F - a +0 whip
Missiles
 l - 41 stones
 m - 33 poisoned darts
 G - a throwing net
Armour
 e - a +0 robe
 p - a +0 leather armour (worn)
Jewellery
 q - a +6 ring of dexterity (left hand)
 y - an amulet of faith
 z - an amulet of the acrobat (around neck)
Scrolls
 c - a scroll of vulnerability
 i - a scroll of immolation {unknown}
 s - a scroll of silence
 t - 2 scrolls of amnesia
 u - a scroll of fear
 v - a scroll of noise {unknown}
 B - a scroll of fog {unknown}
 D - a scroll of enchant armour {unknown}
Potions
 d - 3 potions of brilliance {unknown}
 g - a potion of degeneration {unknown}
 h - a potion of invisibility {unknown}
 j - a potion of heal wounds {unknown}
 n - 2 potions of mutation {unknown}
 o - 4 potions of haste
 r - 2 potions of cancellation
 w - a potion of flight {unknown}
 x - a potion of resistance {unknown}
 A - a potion of ambrosia {unknown}
 E - 2 potions of curing {unknown}


   Skills:
 - Level 2.0 Dodging
 - Level 2.0 Stealth
 * Level 4.8 Spellcasting
 + Level 11.1 Necromancy


You had 9 spell levels left.
You knew the following spells:

 Your Spells              Type           Power      Damage    Failure   Level
a - Necrotize             Necr           100%       1d9       1%          1
b - Vampiric Draining     Necr           46%        2d9       1%          3
c - Animate Dead          Necr           46%        N/A       1%          4

Your spell library contained the following spells:

 Spells                   Type           Power      Damage    Failure   Level
 Agony                    Necr           46%        N/A       4%          5
 Foxfire                  Conj/Fire      16%        2x1d4     19%         1
 Sting                    Tmut/Pois      16%        1d3       19%         1
 Poisonous Vapours        Pois/Air       8%         N/A       26%         2
 Conjure Flame            Conj/Fire      4%         6-21      47%         3
 Inner Flame              Hex/Fire       4%         N/A       47%         3
 Ozocubu's Armour         Ice            4%         N/A       47%         3
 Flame Wave               Conj/Fire      4%         2d5       87%         4
 Olgreb's Toxic Radiance  Pois           4%         N/A       87%         4
 Fireball                 Conj/Fire      2%         3d4       99%         5
 Starburst                Conj/Fire      2%         6d3       100%        6
 Haunt                    Necr/Summ      12%        N/A       100%        7
 Ozocubu's Refrigeration  Ice            2%         4d5       100%        7
 Ignition                 Fire           2%         3d3       100%        8
 Infestation              Necr           23%        N/A       100%        8


Dungeon Overview and Level Annotations

Branches:
Dungeon (7/15)             Temple (1/1) D:5

Altars:
Ashenzari
Cheibriados
Dithmenos
Elyvilon
Fedhas
Hepliaklqana
Makhleb
Nemelex Xobeh
Sif Muna
Trog
Vehumet
Wu Jian
Xom
Yredelemnul
The Shining One
Jiyva

Shops:
D:1 ?   D:2 :   D:4 =   D:6 (

Annotations:
D:2 1 runed translucent door, Crazy Yiuf
D:5 Grinder


Message History

HP restored.
Key pressed, stopping explore.
Key pressed, stopping explore.
There is a strange disturbance nearby!
Deactivating autopickup; reactivate with Ctrl-A.
You barely miss something. Something hits you. Something hits you!
You hit something but do no damage. Something hits you.
You hit something. Something hits you but does no damage. Something hits you!
Something completely misses you. Something misses you. Something hits you.
Something misses you. Something barely misses you. Something hits you.
Something misses you. Something hits you.
There is a stone staircase leading up here.
You barely miss something. Something hits you! x2
* * * LOW HITPOINT WARNING * * *
Something hits you.
* * * LOW HITPOINT WARNING * * *
Blink to where?
Press: ? - help, Dir - move target
As you read the scroll of blinking, it crumbles to dust.
Unknown command.
As you read the scroll of teleportation, it crumbles to dust.
You feel strangely unstable. Something closely misses you.
Something completely misses you. x2; Something hits you.
* * * LOW HITPOINT WARNING * * *
Something misses you.
Your surroundings suddenly seem different.
There is a strange disturbance nearby!
Something hits you.
* * * LOW HITPOINT WARNING * * *
Something hits you.
* * * LOW HITPOINT WARNING * * *
Unknown command.
As you read the scroll of teleportation, it crumbles to dust.
You feel strangely unstable. Something barely misses you. Something misses you.
Something hits you.
You die...

.......O.#..................#
#..
####.....#..#######.#######.#
#.. #..............#.# #.# #..
#............#.#.# #.# #..
#...........#..#.# #.# #..
#......#...#...#.#######.# #..
###...#...#....#ยง........###..
#.......#.....#.#######....##
##.#.#.#....@.....# #.....'.
#......$.#.......# #.....##
##....#.#........# #.#####
##..............# #.#
##..#.....[....# #)#
##............####.#####
####.#...<....##.......#
..............##.......#
.....(#'##### #.......#


There were no monsters in sight!

Vanquished Creatures
  Prince Ribbit (D:6)
  A water moccasin (D:7)
  2 sky beasts (D:7)
  A black bear (D:6)
  2 ogres
  A centaur (D:6)
  A necrophage (D:4)
  2 bullfrogs (D:6)
  3 scorpions (D:5)
  A howler monkey (D:6)
  3 jellies
  An orc priest (D:5)
  4 hounds
  3 iguanas
  3 orc wizards
  6 gnolls (D:7)
  4 adders
  2 worms
  2 dart slugs (D:2)
  15 orcs
  5 ball pythons
  5 endoplasms
  6 giant cockroaches
  2 goblins
  3 hobgoblins
  4 kobolds
  2 quokkas (D:1)
  3 bats
  3 frilled lizards
  2 rats
93 creatures vanquished.

Vanquished Creatures (collateral kills)
  An endoplasm (D:1)
  A goblin (D:3)
  A hobgoblin (D:1)
  A rat (D:3)
4 creatures vanquished.

Grand Total: 97 creatures vanquished

Notes
Turn   | Place    | Note
-------+----------+-------------------------------------------
     0 | D:1      | blackman the Human Necromancer began the quest for the Orb.
     0 | D:1      | Reached XP level 1. HP: 13/13 MP: 3/3
    72 | D:1      | Found Peuvuisu's Magic Scroll Shoppe.
   142 | D:1      | Reached XP level 2. HP: 19/19 MP: 3/5
   519 | D:1      | Reached XP level 3. HP: 18/24 MP: 0/6
  1065 | D:2      | Reached skill level 5 in Necromancy
  1158 | D:2      | Found Wigax's Book Shoppe.
  1469 | D:2      | Found a runed translucent door.
  1470 | D:2      | Noticed Crazy Yiuf
  1712 | D:3      | Reached XP level 4. HP: 30/30 MP: 5/7
  1779 | D:3      | Found a glowing golden altar of the Shining One.
  1779 | D:3      | Found an ornate altar of the Wu Jian Council.
  1841 | D:3      | Found a sparkling altar of Nemelex Xobeh.
  2369 | D:4      | Noticed a necrophage
  2418 | D:4      | Noticed an ogre
  2467 | D:4      | Killed an ogre
  2468 | D:4      | Reached skill level 6 in Necromancy
  2468 | D:4      | Reached XP level 5. HP: 35/35 MP: 1/8
  2586 | D:4      | Reached XP level 6. HP: 41/41 MP: 7/9
  2631 | D:4      | Found a shimmering altar of Xom.
  2631 | D:4      | Found a shimmering altar of Xom.
  2631 | D:4      | Found a shimmering altar of Xom.
  2632 | D:4      | Found a shimmering altar of Xom.
  2781 | D:4      | Reached skill level 7 in Necromancy
  2827 | D:4      | Learned a level 3 spell: Vampiric Draining
  2906 | D:4      | Found Fagga's Jewellery Shoppe.
  3684 | D:5      | Entered Level 5 of the Dungeon
  3783 | D:5      | Reached XP level 7. HP: 46/46 MP: 2/10
  4012 | D:5      | Reached skill level 8 in Necromancy
  4246 | D:5      | Noticed Grinder
  4267 | D:5      | Found a staircase to the Ecumenical Temple.
  4300 | Temple   | Entered the Ecumenical Temple
  4769 | D:5      | Found a burning altar of Makhleb.
  4897 | D:5      | Reached skill level 9 in Necromancy
  4906 | D:5      | HP: 2/46 [orc/+0 short sword (3)]
  5850 | D:6      | Reached XP level 8. HP: 52/52 MP: 5/11
  5909 | D:6      | Noticed Prince Ribbit
  6776 | D:6      | Killed Prince Ribbit
  6777 | D:6      | Reached skill level 10 in Necromancy
  7151 | D:6      | Found Leiw's Antique Weapon Boutique.
  7426 | D:6      | Reached XP level 9. HP: 57/57 MP: 4/14
  7606 | D:7      | Found a basalt altar of Yredelemnul.
  7686 | D:7      | Learned a level 4 spell: Animate Dead
  8546 | D:7      | Identified the +10 trident of Guilt {vamp, rPois rF+
                  | Stlth-}
  8616 | D:7      | Reached skill level 11 in Necromancy
  8872 | D:7      | Slain by an unseen horror

Illustrated notes

Levels and vault maps discovered:
D:1:      minmay_arrival_plants_in_alcoves, layout_basic, serial_shops,
          nicolae_shop_trees, minmay_worlds_worst_comb
D:2:      layout_basic, serial_shops, shop, minmay_domino_2,
          uniq_crazy_yiuf_cottage
D:3:      layout_rooms, nemelex_xobeh_ov_fountains_minmay,
          mainiacjoe_overflow_large_starburst
D:4:      layout_cave_pools, xom_redecorated, serial_shops, shop, st_stairs_14
D:5:      layout_loops_ring, mainiacjoe_overflow_alcove_4,
          minmay_temple_entry_butterflies, uniq_grinder
D:6:      layout_basic, serial_shops, kennysheep_mini_moat, uniq_prince_ribbit1
D:7:      layout_basic, nicolae_overflow_crystal_walls,
          hangedman_decor_opposing, kennysheep_generic_room_13
Temple:   pf_slimified_temple

Skill      XL: |  1  2  3  4  5  6  7  8  9 |
---------------+----------------------------+-----
Necromancy     | 5 6 7 9 10 11 | 11.1
Spellcasting   | 3 4 |  4.8
Dodging        | |  2.0
Stealth        | |  2.0

Action                   |  1- 3 |  4- 6 |  7- 9 || total
-------------------------+-------+-------+-------++-------
Melee: Whip              |     1 |       |       ||     1
       Trident           |       |       |     6 ||     6
       Hunting sling     |       |       |     1 ||     1
 Fire: Hunting sling     |     8 |    48 |    25 ||    81
Throw: Boomerang         |       |       |     5 ||     5
 Cast: Necrotize         |    55 |    45 |    91 ||   191
       Vampiric Draining |       |     2 |    32 ||    34
  Use: Scroll            |       |       |    12 ||    12
       Potion            |       |       |     2 ||     2
 Stab: Sleeping          |     1 |       |       ||     1
Armor: Robe              |     1 |       |       ||     1
       Leather armour    |       |     3 |    15 ||    18
Dodge: Dodged            |    10 |    15 |    61 ||    86

Table legend: (Time is in decaauts)
 A = Elapsed time spent in this place.
 B = Non-inter-level travel time spent in this place.
 C = Inter-level travel time spent in this place.
 D = Time resting spent in this place.
 E = Time spent auto-exploring this place.
 F = Levels seen in this place.
 G = Mean time per level.
                   A        B        C        D        E       F      G
               +--------+--------+--------+--------+--------+-----+--------+
         Total |   8921 |   8406 |    515 |   2446 |   4881 |   8 | 1115.1 |
       Dungeon |   8674 |   8262 |    412 |   2446 |   4744 |   7 | 1239.1 |
        Temple |    247 |    144 |    103 |      0 |    137 |   1 |  247.0 |
               +--------+--------+--------+--------+--------+-----+--------+

Top non-repeatable levels by time:
     D:6: 2025 daAuts
     D:5: 1881 daAuts
     D:4: 1323 daAuts
     D:7: 1036 daAuts
     D:1: 896 daAuts
     D:2: 807 daAuts
     D:3: 703 daAuts
  Temple: 247 daAuts
